 Dungeon Crawl Stone Soup version 0.31-a0-965-g8a8ce12e04 (webtiles) character file.

Game seed: 12310289658705689272

3045 Maxmaps the Covert (level 9, -3/60 (61) HPs)
             Began as an Octopode Monk on Oct 26, 2023.
             Was an Initiate of Gozag.
             Slain by a wight
             ... wielding a +0 trident of venom
              (14 damage)
             ... on level 7 of the Dungeon.
             The game lasted 00:14:32 (6837 turns).

Maxmaps the Covert (Octopode Monk)                  Turns: 6837, Time: 00:14:34

HP:   -3/60 (61)    AC:  1    Str: 10    XL:     9   Next: 87%
MP:   27/27         EV: 18    Int: 22    God:    Gozag
Gold: 634           SH:  5    Dex: 21    Spells: 8/8 levels left

rFire   . . .        a - +3 dagger (venom)
rCold   . . .        (no shield)
rNeg    . . .        (helmet restricted)
rPois   .            r - amulet of reflection
rElec   .            i - +6 ring of intelligence
rCorr   .            p - ring of magical power
SInv    .            k - ring of magical power
Will    .....        q - +6 ring of dexterity
Stlth   ++++++       (no ring)
HPRegen 0.30/turn    (no ring)
MPRegen 0.20/turn    (no ring)
                     (no ring)

%: reflection
@: gold aura, lightly drained
A: almost no armour, amphibious, 8 rings, camouflage 1, gelatinous body 1,
(nimble swimmer 1), tentacles
a: Renounce Religion, Potion Petition, Call Merchant, Bribe Branch


You were on level 7 of the Dungeon.
You worshipped Gozag.
Gozag was pleased with you.
You visited 2 branches of the dungeon, and saw 8 of its levels.

You collected 818 gold pieces.
You paid 184 gold pieces to Gozag.

Inventory:

Hand Weapons
 a - a +3 dagger of venom (weapon)
 n - the +2 shortbow of Fabbaez {heavy, rElec Int+8}
   (You found it on level 3 of the Dungeon)

   Int+8:     It affects your intelligence (+8).
   rElec:     It insulates you from electricity.
Armour
 b - an orb of light
Jewellery
 i - a +6 ring of intelligence (left tentacle)
 k - a ring of magical power (on tentacle)
 o - a ring of flight
 p - a ring of magical power (right tentacle)
 q - a +6 ring of dexterity (on tentacle)
 r - an amulet of reflection (around mantle)
Wands
 e - a wand of flame (9)
Scrolls
 c - a scroll of enchant weapon
 d - a scroll of vulnerability
 f - a scroll of amnesia
 j - a scroll of torment
 l - 2 scrolls of immolation
 m - a scroll of revelation
 t - a scroll of identify
Potions
 g - a potion of attraction
 h - 3 potions of mutation
 s - a potion of enlightenment


   Skills:
 - Level 5.0 Fighting
 - Level 4.3 Short Blades
 + Level 7.0 Dodging
 - Level 9.5 Stealth
 - Level 3.0 Unarmed Combat
 - Level 8.2 Evocations


You had 8 spell levels left.
You didn't know any spells.
Your spell library contained the following spells:

 Spells                   Type           Power      Damage    Failure   Level
 Cigotuvi's Dreadful Rot  Necr/Pois/Air  0%         N/A       26%         2
 Ensorcelled Hibernation  Hex/Ice        0%         N/A       26%         2
 Passwall                 Tmut/Erth      0%         N/A       26%         2
 Ignite Poison            Fire/Tmut/Pois 0%         N/A       45%         3
 Summon Guardian Golem    Hex/Summ       0%         N/A       45%         3
 Swiftness                Air            0%         N/A       45%         3
 Freezing Cloud           Conj/Ice/Air   0%         6-21      99%         5
 Conjure Ball Lightning   Conj/Air       0%         3x3d6     100%        6
 Orb of Destruction       Conj           0%         9d5       100%        7
 Spellforged Servitor     Conj/Summ      0%         N/A       100%        7
 Discord                  Hex            0%         N/A       100%        8
 Disjunction              Tloc           0%         N/A       100%        8


Dungeon Overview and Level Annotations

Branches:
Dungeon (7/15)             Temple (1/1) D:4

Altars:
Cheibriados
Dithmenos
Elyvilon
Fedhas
Gozag
Hepliaklqana
Makhleb
Nemelex Xobeh
Okawaru
Qazlal
Ru
Sif Muna
Trog
Uskayaw
Vehumet
Wu Jian
Xom
Yredelemnul
Zin
The Shining One

Shops:
D:2 ?   D:4 :


Innate Abilities, Weirdness & Mutations

You cannot wear most types of armour.
You are amphibious.
You can wear up to eight rings at the same time.
Your skin changes colour to match your surroundings (Stealth+).
Your rubbery body absorbs attacks. (AC +1, EV +1)
((You are camouflaged when in or above water. (Stealth+)))
You have tentacles for arms and can constrict up to eight enemies at once.


Message History

You squeeze the spriggan hatter, but do no damage.
The spriggan hatter is severely wounded.
You constrict the spriggan hatter.
The spriggan hatter hits you with a +0 dagger.
You barely miss the spriggan hatter.
The spriggan hatter is almost dead.
You constrict the spriggan hatter.
The wight hits you from afar with a +4 halberd of freezing!!
You feel drained. The wight freezes you.
Unknown command.
You release your grip on the spriggan hatter.
You kill the spriggan hatter!
Okay, then.
Okay, then.
Okay, then.
Aiming: Throw Flame
Press: ? - help, Shift-Dir - straight line, f - wight
Aim: a wight, wielding a +5 great sword and wearing a +0 robe (76% to hit)
The puff of flame misses the wight.
The wight barely misses you.
Unknown command.
The wight attacks as it pursues you! You block the wight's attack.
You hit the wight. You grab the wight.
You tentacle-slap the wight, but do no damage.
You squeeze the wight.
The wight is heavily damaged.
You constrict the wight, but do no damage.
The wight hits you with a +5 great sword!
* * * LOW HITPOINT WARNING * * *
You feel drained.
* * * LOW HITPOINT WARNING * * *
You hit the wight.
The wight is severely damaged.
You constrict the wight. You hit the wight.
You destroy the wight!
Your Dodging skill increases to level 7!
The wight misses you. You block the wight's attack.
The wight hits you from afar with a +0 trident of venom!
You die...
Your body crumbles into a pile of gold.

#..##..........#
#..##......###.#
#...+......# #.#
#.###......# ###
#.# #......#z#$###
##.###......#z.z'.#
#....'......#####z#
#..###..........#z#
#..# #..........@z#
#..# ####.#########
#..######.####
#..##........#
#..##........#
#..##........#
#..##........#
#)..'........#
##.##........#


You could see 3 wights.

Vanquished Creatures
  Maggie (D:6)
  A spriggan (D:7)
  Sigmund (D:4)
  Eustachio (D:5)
  Edmund (D:5)
  Duvessa (D:4)
  2 ice beasts
  A black bear (D:6)
  4 sky beasts
  2 centaurs
  3 ogres
  A bullfrog (D:6)
  A scorpion (D:4)
  5 wights (D:7)
  Dowan (D:4)
  2 jellies
  A howler monkey (D:5)
  A hound (D:5)
  5 orc priests
  A sleepcap (D:5)
  Terence (D:3)
  2 orc wizards
  3 iguanas (D:5)
  A gnoll (D:1)
  7 adders
  2 shadow imps
  2 white imps (D:6)
  2 ufetubi (D:6)
  14 orcs
  2 ball pythons
  2 bats
  8 endoplasms
  A giant cockroach (D:2)
  4 goblins
  4 hobgoblins
  8 jackals
  A quokka (D:5)
  A frilled lizard (D:1)
  8 kobolds
  8 rats
  A spectral orc (D:4)
118 creatures vanquished.

Notes
Turn   | Place    | Note
-------+----------+-------------------------------------------
     0 | D:1      | Maxmaps the Octopode Monk began the quest for the Orb.
     0 | D:1      | Reached XP level 1. HP: 16/16 MP: 1/1
    51 | D:1      | Reached skill level 1 in Stealth
   176 | D:1      | Reached skill level 3 in Stealth
   176 | D:1      | Reached XP level 2. HP: 21/21 MP: 2/2
   360 | D:1      | Reached XP level 3. HP: 25/26 MP: 3/3
   364 | D:1      | Reached skill level 4 in Stealth
   670 | D:2      | Found The Oracle's Delphic Readings.
   808 | D:2      | Found a white marble altar of Elyvilon.
   813 | D:2      | Identified the +2 spear of Nightmares {freeze, Drain rC-
                  | Str+10}
   875 | D:2      | Reached skill level 5 in Stealth
  1006 | D:2      | Reached XP level 4. HP: 31/31 MP: 4/4
  1065 | D:2      | You fall into a shaft and drop 1 floor!
  1096 | D:3      | Noticed Terence
  1107 | D:3      | HP: 1/31 [Terence/+0 hand axe (5)]
  1108 | D:3      | Killed Terence
  1236 | D:3      | Identified the +2 shortbow of Fabbaez {heavy, rElec Int+8}
  1294 | D:3      | Reached skill level 6 in Stealth
  1466 | D:3      | Reached XP level 5. HP: 32/36 MP: 5/5
  1530 | D:3      | Found a hazy altar of Hepliaklqana.
  1698 | D:4      | Noticed Duvessa
  1698 | D:4      | Noticed Dowan
  1699 | D:4      | Noticed an ogre
  1703 | D:4      | Noticed Sigmund
  1987 | D:4      | Noticed an ogre
  1996 | D:4      | Killed an ogre
  1997 | D:4      | Reached skill level 7 in Stealth
  2125 | D:4      | Found a staircase to the Ecumenical Temple.
  2132 | D:4      | Reached skill level 8 in Stealth
  2133 | Temple   | Entered the Ecumenical Temple
  2146 | Temple   | Became a worshipper of Gozag Ym Sagoz the Greedy
  2197 | D:4      | Reached XP level 6. HP: 42/42 MP: 6/6
  2269 | D:4      | Killed Duvessa
  2270 | D:4      | Reached skill level 9 in Stealth
  2274 | D:4      | Killed Dowan
  2275 | D:4      | Reached skill level 1 in Short Blades
  2289 | D:4      | Reached XP level 7. HP: 14/46 MP: 7/7
  2480 | D:4      | Killed Sigmund
  2483 | D:4      | Found a basalt altar of Yredelemnul.
  2700 | D:4      | Found Busatupo's Vocational Training.
  3030 | D:4      | Found an ornate altar of the Wu Jian Council.
  3175 | D:5      | Entered Level 5 of the Dungeon
  3366 | D:5      | Reached XP level 8. HP: 31/54 MP: 8/8
  3506 | D:5      | Noticed Eustachio
  3513 | D:5      | Killed Eustachio
  3570 | D:5      | Reached skill level 5 in Dodging
  3664 | D:5      | Identified the +8 war axe "Guulef" {flame, rElec rF+ rC+}
  3841 | D:5      | Reached skill level 5 in Fighting
  4255 | D:5      | Reached skill level 1 in Evocations
  4255 | D:5      | Noticed Edmund
  4267 | D:5      | HP: 1/55 [Edmund/+1 flail of distortion (13)]
  4268 | D:5      | Killed Edmund
  4691 | D:6      | Found a blossoming altar of Fedhas.
  4987 | D:6      | Found a glowing golden altar of the Shining One.
  5133 | D:6      | Found a shimmering blue altar of Sif Muna.
  5187 | D:6      | Reached skill level 5 in Evocations
  5187 | D:6      | Reached XP level 9. HP: 39/61 MP: 9/9
  5406 | D:6      | HP: 1/61 [something (6)]
  5474 | D:6      | Noticed Maggie
  5656 | D:6      | Killed Maggie
  6837 | D:7      | Slain by a wight

Illustrated notes

Levels and vault maps discovered:
D:1:      matt_arrival_grand_opening, layout_rooms, minmay_pentomino_q4
D:2:      layout_loops_ring, basic_altar, nicolae_nh_oracle_at_delphi
D:3:      layout_basic, nicolae_hepliaklqana_hippocampus, reono_crystal_passage,
          uniq_terence
D:4:      layout_basic, yredelemnul_forgotten_temple_becter,
          mainiacjoe_overflow_alcove_2, temple_green, nicolae_shop_vocational,
          uniq_sigmund, uniq_duvessa
D:5:      layout_basic, nrook_uturn, uniq_eustachio, uniq_edmund
D:6:      layout_loops_ring, lemuel_blue_sif_altar, fedhas_altar_1,
          nicolae_tso_swordbearing_angel, uniq_maggie
D:7:      layout_basic, the_hattery, uniq_pikel
Temple:   dpeg_chambers_temple

Skill      XL: |  1  2  3  4  5  6  7  8  9 |
---------------+----------------------------+-----
Stealth        | 3 5 6 8 9 |  9.5
Short Blades   | 2 4 |  4.3
Fighting       | 4 5 |  5.0
Dodging        | 5 7 |  7.0
Evocations     | 5 8 |  8.2
Unarmed Combat | |  3.0

Action                     |  1- 3 |  4- 6 |  7- 9 || total
---------------------------+-------+-------+-------++-------
  Melee: Unarmed           |     7 |       |       ||     7
         Dagger            |    34 |    70 |   174 ||   278
         Constrict         |    11 |    10 |    37 ||    58
         Punch             |     2 |     4 |     5 ||    11
         Tentacles         |     4 |    15 |    55 ||    74
 Invoke: Potion Petition   |       |       |     1 ||     1
  Evoke: Wand              |       |       |    14 ||    14
    Use: Potion            |     1 |     5 |     4 ||    10
         Scroll            |       |     7 |     7 ||    14
   Stab: Sleeping          |    11 |    12 |    19 ||    42
         Invisible         |       |     3 |       ||     3
         Distracted        |       |       |     1 ||     1
 Armour: Skin              |    11 |    34 |    70 ||   115
  Dodge: Dodged            |    19 |    23 |    83 ||   125
  Block: Other             |       |       |    13 ||    13

Table legend: (Time is in decaauts)
 A = Elapsed time spent in this place.
 B = Non-inter-level travel time spent in this place.
 C = Inter-level travel time spent in this place.
 D = Time resting spent in this place.
 E = Time spent auto-exploring this place.
 F = Levels seen in this place.
 G = Mean time per level.
                   A        B        C        D        E       F      G
               +--------+--------+--------+--------+--------+-----+--------+
         Total |   6795 |   6460 |    335 |   1491 |   3982 |   8 |  849.4 |
       Dungeon |   6769 |   6458 |    311 |   1491 |   3982 |   7 |  967.0 |
        Temple |     26 |      2 |     24 |      0 |      0 |   1 |   26.0 |
               +--------+--------+--------+--------+--------+-----+--------+

Top non-repeatable levels by time:
     D:5: 1470 daAuts
     D:6: 1441 daAuts
     D:4: 1164 daAuts
     D:3: 914 daAuts
     D:7: 715 daAuts
     D:1: 597 daAuts
     D:2: 465 daAuts
  Temple: 26 daAuts
